 Dungeon Crawl Stone Soup version 0.29.1-15-g9cfb28693d (webtiles) character file.

Game seed: 13752538255758466103

80 DemonSlayer the Digger (level 4, -13/30 HPs)
             Began as a Demonspawn Earth Elementalist on Mar 14, 2023.
             Was an Initiate of Dithmenos.
             Mangled by an ogre
             ... wielding a +0 giant club
              (15 damage)
             ... on level 3 of the Dungeon.
             The game lasted 00:04:01 (2193 turns).

DemonSlayer the Digger (DsEE)                       Turns: 2193, Time: 00:04:02

Health: -13/30     AC:  2    Str:  8    XL:     4   Next: 18%
Magic:  4/8        EV: 12    Int: 16    God:    Dithmenos [......]
Gold:   89         SH:  0    Dex: 16    Spells: 3/9 levels left

rFire   . . .      SeeInvis .   c - +0 long sword
rCold   . . .      Faith    .   (no shield)
rNeg    + . .      Spirit   .   a - +0 robe
rPois   .          Reflect  .   (no helmet)
rElec   .          Harm     .   (no cloak)
rCorr   .          Rampage  .   (no gloves)
Will    .....                   (no boots)
Stlth   ++........              (no amulet)
HPRegen 0.10/turn               j - ring of positive energy
MPRegen 0.11/turn               (no ring)

@: very slightly contaminated
A: demonic guardian 1, demonic touch 1
a: Renounce Religion


You were on level 3 of the Dungeon.
You worshipped Dithmenos.
Dithmenos was noncommittal.
You visited 1 branch of the dungeon, and saw 3 of its levels.

You collected 89 gold pieces.

Inventory:

Hand Weapons
 c - a +0 long sword (weapon)
Armour
 a - a +0 robe (worn)
Jewellery
 j - a ring of positive energy (left hand)
Scrolls
 d - 2 scrolls of amnesia
 e - a scroll of immolation
 g - a scroll of brand weapon {unknown}
 h - 2 scrolls of noise {unknown}
 l - a scroll of teleportation {unknown}
 m - a scroll of blinking {unknown}
Potions
 b - a potion of magic
 i - a potion of mutation {unknown}
 k - a potion of heal wounds {unknown}
 n - a potion of brilliance {unknown}


   Skills:
 + Level 0.1 Long Blades
 + Level 2.2 Dodging
 + Level 1.7 Stealth
 + Level 3.0 Spellcasting
 + Level 0.8 Transmutations
 + Level 3.5 Earth Magic


You had 3 spell levels left.
You knew the following spells:

 Your Spells              Type           Power      Damage    Failure   Level
a - Sandblast             Erth           26%        2d8       4%          1
b - Passwall              Tmut/Erth      7%         N/A       12%         2
c - Stone Arrow           Conj/Erth      16%        3d8       26%         3

Your spell library contained the following spells:

 Spells                   Type           Power      Damage    Failure   Level
 Petrify                  Tmut/Erth      9%         N/A       58%         4


Dungeon Overview and Level Annotations

Branches:
Dungeon (3/15)

Altars:
Dithmenos


Innate Abilities, Weirdness & Mutations

A weak demonic guardian rushes to your aid.
Your touch may inflict minor irresistible damage on your foes.


Message History

An endoplasm is nearby!
An endoplasm is nearby!
An endoplasm is nearby!
The blast of sand hits the endoplasm!
You kill the endoplasm!
Dithmenos accepts your kill.
You can't see any susceptible monsters within range! (Use Z to cast anyway.) No target in view!
You can't see any susceptible monsters within range! (Use Z to cast anyway.)
You can't see any susceptible monsters within range! (Use Z to cast anyway.)
Found 9 stones.
Found a stone staircase leading down.
An ogre comes into view. It is wielding a +0 giant club.
Found 12 gold pieces.
An ogre is nearby!
An ogre is nearby!
An ogre is nearby!
An ogre is nearby!
You can't see any susceptible monsters within range! (Use Z to cast anyway.)
You can't see any susceptible monsters within range! (Use Z to cast anyway.)
You can't see any susceptible monsters within range! (Use Z to cast anyway.)
You miscast Sandblast.
You are very lightly contaminated with residual magic.
Nothing appears to happen.
The blast of sand hits the ogre!
The ogre is moderately wounded.
The ogre shouts!
A ball python comes into view.
The blast of sand hits the ogre.
The ogre is heavily wounded.
The blast of sand hits the ogre!
The ogre is almost dead.
The ogre hits you with a +0 giant club!!
Ouch! That really hurt!
* * * LOW HITPOINT WARNING * * *
A demonic guardian appears!
Unknown command.
The ogre attacks as you move away! The ogre hits you with a +0 giant club!
Ouch! That really hurt!
You die...

#.#######
#.......
#.>...####
#.....#...
##
#.........
.#
####.....#
.#
#.....##.###
.#
#.####..5..#
.# #.#
#.#.#@# .#
#.# #.#.#O#
.# #.#
#.#.#S# .#
#.# #.#.#.#
.######.#
#.#.#.#
........#
#.#.#.#
#########
#.#.#.$
#.###


You could see an ogre (ally target), a ball python and a friendly shadow imp
(summoned).

Vanquished Creatures
  2 adders (D:2)
  2 worms (D:2)
  2 dart slugs
  4 bats
  4 endoplasms
  4 giant cockroaches
  8 goblins
  A hobgoblin (D:1)
  3 ball pythons
  9 frilled lizards
  7 kobolds
  5 rats
51 creatures vanquished.

Notes
Turn   | Place    | Note
-------+----------+-------------------------------------------
     0 | D:1      | DemonSlayer the Demonspawn Earth Elementalist began the
                  | quest for the Orb.
     0 | D:1      | Reached XP level 1. HP: 13/13 MP: 3/3
   167 | D:1      | Found a faded altar of an unknown god.
   180 | D:1      | Gained mutation: A weak demonic guardian rushes to your
                  | aid. [demonic ancestry]
   180 | D:1      | Reached XP level 2. HP: 12/19 MP: 0/5
   898 | D:1      | Learned a level 2 spell: Passwall
   957 | D:2      | Gained mutation: Your touch may inflict minor irresistible
                  | damage on your foes. [demonic ancestry]
   957 | D:2      | Reached XP level 3. HP: 24/24 MP: 3/6
  1210 | D:2      | Found a shadowy altar of Dithmenos.
  1232 | D:2      | Became a worshipper of Dithmenos the Shadowed
  1674 | D:2      | Reached XP level 4. HP: 30/30 MP: 6/8
  2077 | D:2      | Learned a level 3 spell: Stone Arrow
  2187 | D:3      | Noticed an ogre
  2193 | D:3      | Mangled by an ogre

Illustrated notes

Levels and vault maps discovered:
D:1:      scummos_arrival_gate, layout_rooms, basic_ecumenical_altar
D:2:      layout_loops_ring, basic_altar, serial_forest,
          infiniplex_forest_lined_room_2, infiniplex_forest_clump_cross,
          infiniplex_forest_straight_2, infiniplex_forest_clump_large,
          infiniplex_forest_straight_4, infiniplex_forest_zigzag_2,
          infiniplex_forest_straight_4, infiniplex_forest_zigzag_1,
          minmay_lizard_pond
D:3:      layout_basic, glass_columns_a

Skill      XL: |  1  2  3 |
---------------+----------+-----
Dodging        | 2 |  2.2
Earth Magic    | 3 |  3.5
Spellcasting   | 3 |  3.0
Long Blades    | |  0.1
Stealth        | |  1.7
Transmutations | |  0.8

Action                   |  1- 3 |  4- 6 || total
-------------------------+-------+-------++-------
Melee: Long sword        |    13 |       ||    13
       Touch             |     1 |       ||     1
 Cast: Sandblast         |    55 |    16 ||    71
  Use: Scroll            |     1 |     1 ||     2
 Stab: Sleeping          |     1 |       ||     1
Armor: Robe              |     9 |     1 ||    10
Dodge: Dodged            |    24 |     6 ||    30
